 Dungeon Crawl Stone Soup version 0.27-a0-1202-ge72e49191c (webtiles) character file.

Game seed: 8145397285954715050

40 robertstho the Bolt Thrower (level 3, 0/28 HPs)
             Began as a Demonspawn Hunter on June 2, 2021.
             Succumbed to an adder's poison
             ... on level 2 of the Dungeon.
             The game lasted 00:01:36 (1078 turns).

robertstho the Bolt Thrower (Demonspawn Hunter)     Turns: 1078, Time: 00:01:37

Health: 0/28       AC: 10    Str: 12    XL:     3   Next: 30%
Magic:  3/3        EV: 10    Int: 12    God:
Gold:   56         SH:  0    Dex: 14    Spells: 2/2 levels left

rFire    . . .     SeeInvis .   a - +2 hand crossbow
rCold    + . .     Faith    .   (no shield)
rNeg     . . .     Spirit   .   i - +0 ring mail {rC+}
rPois    .         Reflect  .   (helmet restricted)
rElec    .         Harm     .   (no cloak)
rCorr    .         Rampage  .   h - +2 pair of gloves
Will     .....     Clarity  +   (no boots)
Stlth    +.........             (no amulet)
HPRegen  0.09/turn              (no ring)
MPRegen  0.08/turn              (no ring)

@: lethally poisoned (0 -> -7)
A: antennae 1, thin metallic scales 1, clarity, evolution 1
a: no special abilities


You were on level 2 of the Dungeon.
You visited 1 branch of the dungeon, and saw 2 of its levels.

You collected 56 gold pieces.

Inventory:

Hand Weapons
 a - a +2 hand crossbow (weapon)
 b - a +0 short sword
Missiles
 d - 8 bolts (quivered ammo)
 g - 3 curare-tipped darts
Armour
 h - a +2 pair of gloves (worn)
 i - a +0 ring mail of cold resistance (worn)
Scrolls
 j - a scroll of identify {unknown}


   Skills:
 * Level 2.3 Fighting
 * Level 4.4 Crossbows
 * Level 0.4 Armour
 + Level 1.8 Dodging
 + Level 0.8 Stealth


You had 2 spell levels left.
You didn't know any spells.
Your spell library was empty.

Dungeon Overview and Level Annotations

Branches:
Dungeon (2/15)

Altars:

Annotations:
D:2 Sigmund


Innate Abilities, Weirdness & Mutations

You have a pair of small antennae on your head.
You are partially covered in thin metallic scales. (AC +2)
You possess an exceptional clarity of mind.
You evolve.


Message History

Aim: an adder (51% to hit)
You shoot a bolt. The bolt barely misses the adder.
The adder bites you. The adder bites you but does no damage.
Unknown command.
Fire: 11 bolts
Press: ? - help, Q - select action, (/) - cycle Shift-Dir - straight line, f/p - adder
Aim: an adder (51% to hit)
You shoot a bolt. The bolt closely misses the adder.
The adder barely misses you. The adder bites you.
* * * LOW HITPOINT WARNING * * *
It was a potion of mutation.
You feel extremely strange.
You feel nature experimenting on you.
Don't worry, failures die fast.
Your thoughts seem clearer.
The adder bites you but does no damage.
Fire: 10 bolts
Press: ? - help, Q - select action, (/) - cycle Shift-Dir - straight line, f/p - adder
Aim: an adder (51% to hit)
You shoot a bolt. The bolt barely misses the adder.
The adder bites you but does no damage. Something hits you.
* * * LOW HITPOINT WARNING * * *
The adder closely misses you.
Fire: 9 bolts
Press: ? - help, Q - select action, (/) - cycle Shift-Dir - straight line, f/p - adder
Aim: an adder (51% to hit)
You shoot a bolt. The bolt closely misses the adder.
The adder closely misses you. Something hits you.
* * * LOW HITPOINT WARNING * * *
You aren't carrying any potions.
As you read the scroll labelled SAGHUI BITEYR, it crumbles to dust.
It is a scroll of enchant weapon.
Your +1 hand crossbow glows red for a moment.
The adder bites you.
* * * LOW HITPOINT WARNING * * *
You are lethally poisoned!
The adder poisons you! Something hits you but does no damage.
The adder bites you but does no damage.
As you read the scroll labelled LOZXYG NEYROO, it crumbles to dust.
You hear a loud clanging noise!
It was a scroll of noise.
You die...

##### ######### #...
........# ###.###### #@#
.........# #S#
.......#.# #{#
###.##.#.# #.# #.##.#.##
#.# ###.......# #(#
..(.##.#### ##'#######
....##..#######.(.......
....###.##............##


You could see an adder.

Vanquished Creatures
  An adder (D:2)
  2 worms (D:2)
  A dart slug (D:1)
  3 bats
  2 endoplasms (D:1)
  2 giant cockroaches
  2 hobgoblins
  A quokka (D:1)
  4 ball pythons
  2 frilled lizards (D:1)
  A goblin (D:1)
  A kobold (D:1)
  3 rats
25 creatures vanquished.

Notes
Turn   | Place    | Note
-------+----------+-------------------------------------------
     0 | D:1      | robertstho the Demonspawn Hunter began the quest for the
                  | Orb.
     0 | D:1      | Reached XP level 1. HP: 16/16 MP: 1/1
   292 | D:1      | Found a faded altar of an unknown god.
   307 | D:1      | Gained mutation: You have a pair of small antennae on your
                  | head. [demonic ancestry]
   307 | D:1      | Reached XP level 2. HP: 22/22 MP: 2/2
   378 | D:1      | Reached skill level 4 in Crossbows
   878 | D:2      | Gained mutation: You are partially covered in thin metallic
                  | scales. (AC +2) [demonic ancestry]
   878 | D:2      | Reached XP level 3. HP: 28/28 MP: 3/3
  1041 | D:2      | Noticed Sigmund
  1074 | D:2      | Gained mutation: You evolve. [potion of mutation]
  1074 | D:2      | Gained mutation: You possess an exceptional clarity of
                  | mind. [potion of mutation]
  1078 | D:2      | Succumbed to an adder's poison

Illustrated notes

Levels and vault maps discovered:
D:1:      sevenhm_arrival_forest_fort_small_6, layout_loops_ring,
          ebering_ecumenical_altar_petrified, minmay_misc_feat_square
D:2:      minmay_alternating_diamond, layout_basic, hangedman_decor_riveting,
          hangedman_abyss_or_decor_lesser_grid, uniq_sigmund

Skill      XL: |  1  2 |
---------------+-------+-----
Crossbows      | 4 |  4.4
Fighting       | |  2.3
Armour         | |  0.4
Dodging        | |  1.8
Stealth        | |  0.8

Action                   || total
-------------------------++-------
 Fire: Hand crossbow     ||    60
  Use: Scroll            ||     2
       Potion            ||     1
Armor: Leather armour    ||     9
       Ring mail         ||     9
Dodge: Dodged            ||    22

Table legend: (Time is in decaauts)
 A = Elapsed time spent in this place.
 B = Non-inter-level travel time spent in this place.
 C = Inter-level travel time spent in this place.
 D = Time resting spent in this place.
 E = Time spent auto-exploring this place.
 F = Levels seen in this place.
 G = Mean time per level.
                   A        B        C        D        E       F      G
               +--------+--------+--------+--------+--------+-----+--------+
         Total |   1095 |   1086 |      9 |      0 |    893 |   2 |  547.5 |
       Dungeon |   1095 |   1086 |      9 |      0 |    893 |   2 |  547.5 |
               +--------+--------+--------+--------+--------+-----+--------+

Top non-repeatable levels by time:
     D:1: 746 daAuts
     D:2: 349 daAuts
